 Dungeon Crawl Stone Soup version 0.23-a0-408-g9d4b7ed (webtiles) character file.

36 nixmar the Caller (level 3, -1/21 HPs)
             Began as a Kobold Summoner on Nov 8, 2018.
             Slain by Sigmund
             ... wielding a +0 scythe of slicing
              (2 damage)
             ... on level 2 of the Dungeon.
             The game lasted 00:08:16 (1606 turns).

nixmar the Caller (Kobold Summoner)                 Turns: 1606, Time: 00:08:17

Health: -1/21      AC:  3    Str:  5    XL:     3   Next: 57%
Magic:  1/6        EV: 16    Int: 17    God:
Gold:   95         SH:  0    Dex: 15    Spells: 0/6 levels left

rFire    . . .     SeeInvis .   g - +0 short sword
rCold    . . .     Gourm    .   (shield restricted)
rNeg     . . .     Faith    .   a - +0 robe
rPois    .         Spirit   .   (no helmet)
rElec    .         Reflect  .   (no cloak)
rCorr    .         Harm     .   h - +0 pair of gloves
MR       .....                  (no boots)
Stlth    ++........             (no amulet)
HPRegen  0.07/turn              (no ring)
MPRegen  0.10/turn              (no ring)

@: no status effects
A: small, carnivore
a: no special abilities


You were on level 2 of the Dungeon.
You were very full.

You visited 1 branch of the dungeon, and saw 2 of its levels.

You collected 95 gold pieces.

Inventory:

Hand Weapons
 g - a +0 short sword (weapon)
Armour
 a - a +0 robe (worn)
 h - a +0 pair of gloves (worn)
Scrolls
 d - 3 scrolls of identify {unknown}
 i - a scroll of remove curse {unknown}
Potions
 b - a potion of curing {unknown}
 c - a potion of degeneration {unknown}
 f - 2 potions of haste {unknown}
 j - a potion of heal wounds {unknown}
Comestibles
 e - 2 rations


   Skills:
 + Level 1.8 Fighting
 + Level 3.0 Dodging
 - Level 3.2 Stealth
 - Level 2.1 Spellcasting
 - Level 4.2 Summonings


You couldn't memorise any spells.
You knew the following spells:

 Your Spells              Type           Power        Failure   Level  Hunger
a - Summon Small Mammal   Summ           ###.         3%          1    #......
b - Call Imp              Summ           ###.....     4%          2    ###....
c - Call Canine Familiar  Summ           ###.....     10%         3    ###....

Your spell library contained the following spells:

 Spells                   Type           Power        Failure   Level  Hunger
 Summon Guardian Golem    Hex/Summ       #.......     24%         3    ###....
 Summon Ice Beast         Ice/Summ       #.......     61%         4    #####..
 Summon Lightning Spire   Summ/Air       #.......     61%         4    #####..


Dungeon Overview and Level Annotations

Branches:
Dungeon (2/15)

Altars:
Makhleb

Annotations:
D:2 Sigmund


Innate Abilities, Weirdness & Mutations

You are small and have problems with some larger weapons.
You are carnivorous and can eat meat at any time.


Message History

Your hound barely misses Sigmund.
Your quokka closely misses Sigmund.
Your hound barely misses Sigmund.
Your quokka barely misses Sigmund.
Sigmund barely misses you.
Your hound misses Sigmund.
Your quokka closely misses Sigmund.
Your hound closely misses Sigmund.
Sigmund hits you from afar with a +0 scythe of slicing!
Your quokka barely misses Sigmund.
Your hound closely misses Sigmund.
Your hound bites Sigmund.
Your quokka barely misses Sigmund.
Your hound bites Sigmund but does no damage.
Sigmund closely misses you.
Your quokka closely misses Sigmund.
Your hound bites Sigmund.
Your crimson imp seems less confused.
Your quokka barely misses Sigmund.
Your hound barely misses Sigmund.
Sigmund barely misses you.
Your hound bites Sigmund.
Your quokka barely misses Sigmund.
Your hound bites Sigmund but does no damage.
Your crimson imp hits Sigmund.
Your quokka bites Sigmund.
Sigmund hits you from afar with a +0 scythe of slicing!
* * * LOW HITPOINT WARNING * * *
You die...

#...#.......###.†...##
#......###.###∩_.)###
#...#.## #.# ##..#####
##.#### #.# ####...#
#.# #.# #......#
###.#######.####5.###.#
.......#.......@r.###.#
.....).#.......#h##...#
.......#.......#@##.#.#
...............#.##.#.#
.......#.......#......#
.......#.......####.###
....÷..#.......# #..#
.......######### ##.#
........############.#
.........##..........#
#####...###.##########


You could see Sigmund, a friendly hound, a friendly crimson imp and a friendly
quokka.

Vanquished Creatures
  A leopard gecko (D:2)
  A bat (D:2)
  A giant cockroach (D:2)
  2 goblins (D:1)
  A rat (D:1)
6 creatures vanquished.

Vanquished Creatures (collateral kills)
  An adder (D:2)
  3 dart slugs (D:1)
  A giant cockroach (D:2)
  7 goblins
  9 jackals
  3 kobolds (D:1)
  A ball python (D:1)
  A bat (D:2)
  2 frilled lizards (D:1)
  4 rats (D:1)
32 creatures vanquished.

Grand Total: 38 creatures vanquished

Notes
Turn   | Place    | Note
-------+----------+-------------------------------------------
     0 | D:1      | nixmar the Kobold Summoner began the quest for the Orb.
     0 | D:1      | Reached XP level 1. HP: 10/10 MP: 3/3
     2 | D:1      | Noticed an ogre
     2 | D:1      | Noticed a demonspawn
     4 | D:1      | Noticed a merfolk
     6 | D:1      | Noticed a demigod
     6 | D:1      | Noticed a human
     8 | D:1      | Noticed a felid
     8 | D:1      | Noticed a halfling
    10 | D:1      | Noticed a vine stalker
    10 | D:1      | Noticed a tengu
    12 | D:1      | Noticed a spriggan
    12 | D:1      | Noticed a dwarf
    20 | D:1      | Noticed a formicid
    22 | D:1      | Noticed a ghoul
    22 | D:1      | Noticed a gargoyle
    26 | D:1      | Noticed a naga
    26 | D:1      | Noticed an octopode
    28 | D:1      | Noticed a centaur
    28 | D:1      | Noticed a vampire
    30 | D:1      | Noticed a minotaur
    30 | D:1      | Noticed a draconian
    32 | D:1      | Noticed a troll
    32 | D:1      | Noticed an elf
   331 | D:1      | Reached XP level 2. HP: 16/16 MP: 0/5
   342 | D:1      | Reached skill level 1 in Fighting
   523 | D:1      | Learned a level 2 spell: Call Imp
   698 | D:1      | Reached XP level 3. HP: 19/20 MP: 1/6
  1057 | D:2      | Found a burning altar of Makhleb.
  1211 | D:2      | Noticed Sigmund
  1456 | D:2      | Learned a level 3 spell: Call Canine Familiar
  1606 | D:2      | HP: 1/21 [Sigmund/+0 scythe of slicing (7)]
  1606 | D:2      | Slain by Sigmund

Vault maps used:
D:1:      kb_arrival_jail
D:2:      bloody_trog, serial_park_tiny_pond, makhleb_blood_cavern_becter,
          uniq_sigmund

Skill      XL: |  1  2  3 |
---------------+----------+-----
Stealth        | 3 |  3.2
Fighting       | 1 |  1.8
Dodging        | 3 |  3.0
Spellcasting   | |  2.1
Summonings     | |  4.2

Action                   || total
-------------------------++-------
Melee: Short sword       ||    27
 Cast: Summon Small Mamm ||    56
       Call Imp          ||     9
       Call Canine Famil ||     2
 Stab: Distracted        ||     1
  Eat: Chunk             ||    10
Armor: Robe              ||     8
Dodge: Dodged            ||    51

Table legend:
 A = Non-vault XP
 B = Vault XP
 C = Vault XP percentage of total XP
 D = Non-vault monster count
 E = Vault monster count
 F = Vault count percentage of total count
                 A         B        C        D         E       F
            +---------+---------+-------+---------+---------+-------
      Total |      52 |       0 |   0.0 |      38 |       0 |   0.0
            +---------+---------+-------+---------+---------+-------
        D:1 |      31 |       0 |   0.0 |      26 |       0 |   0.0
        D:2 |      21 |       0 |   0.0 |      12 |       0 |   0.0
            +---------+---------+-------+---------+---------+-------
